 Dungeon Crawl Stone Soup version 0.27-a0-660-g90476cec82 (webtiles) character file.

Game seed: 7895835531133389261

707 tilp the Insei (level 7, 0/48 HPs)
             Began as an Octopode Transmuter on Mar 16, 2021.
             Slain by a centaur skeleton (7 damage)
             ... on level 5 of the Dungeon.
             The game lasted 00:07:43 (5448 turns).

tilp the Insei (Octopode Transmuter)                Turns: 5448, Time: 00:07:44

Health: 0/48       AC:  1    Str: 10    XL:     7   Next: 67%
Magic:  10/10      EV: 17    Int: 17    God:
Gold:   174        SH:  0    Dex: 12    Spells: 5/11 levels left

rFire    . . .     SeeInvis .     - Unarmed
rCold    . . .     Faith    .   (no shield)
rNeg     . . .     Spirit   .   (helmet restricted)
rPois    .         Reflect  .   (no amulet)
rElec    .         Harm     .   c - ring of resist corrosion
rCorr    +         Rampage  .   h - +4 ring of evasion
Will     .....                  (no ring)
Stlth    +++.......             (no ring)
HPRegen  0.16/turn              (no ring)
MPRegen  0.12/turn              (no ring)
                                (no ring)
                                (no ring)

@: no status effects
A: almost no armour, amphibious, 8 rings, camouflage 1, gelatinous body 1,
nimble swimmer 1, tentacles
a: no special abilities


You were on level 5 of the Dungeon.
You visited 1 branch of the dungeon, and saw 5 of its levels.

You collected 174 gold pieces.

Inventory:

Missiles
 e - 6 poisoned darts (quivered)
 j - 3 boomerangs of dispersal
Jewellery
 c - a ring of resist corrosion (left tentacle)
 h - a +4 ring of evasion (right tentacle)
Wands
 d - a wand of charming (10)
Scrolls
 b - 2 scrolls of teleportation
 k - a scroll of immolation {unknown}
Potions
 a - a potion of mutation
 f - a potion of resistance
 i - 2 potions of brilliance {unknown}


   Skills:
 - Level 4.0 Fighting
 - Level 2.0 Dodging
 - Level 4.0 Stealth
 - Level 6.0 Unarmed Combat
 + Level 2.6 Spellcasting
 * Level 3.3 Transmutations
 + Level 1.9 Poison Magic


You had 5 spell levels left.
You knew the following spells:

 Your Spells              Type           Power      Damage    Failure   Level
a - Beastly Appendage     Tmut           26%        N/A       4%          1
b - Wereblood             Tmut           13%        N/A       7%          2
c - Spider Form           Tmut/Pois      5%         N/A       19%         3

Your spell library contained the following spells:

 Spells                   Type           Power      Damage    Failure   Level
 Ice Form                 Ice/Tmut       7%         N/A       67%         4
 Blade Hands              Tmut           6%         N/A       78%         5


Dungeon Overview and Level Annotations

Branches:
Dungeon (5/15)
 Temple: D:4-7

Altars:
Cheibriados
Makhleb
Qazlal

Shops:
D:4 *

Annotations:
D:2 exclusion: goblin, Sigmund
D:4 exclusions: 2 ogres and quokka, Blork the orc, Dowan, Duvessa


Innate Abilities, Weirdness & Mutations

You cannot wear most types of armour.
You are amphibious.
You can wear up to eight rings at the same time.
Your skin changes colour to match your surroundings (Stealth+).
Your rubbery body absorbs attacks. (AC +1, EV +1)
You are stealthy while swimming. (Stealth+)
You have tentacles for arms and can constrict up to eight enemies at once.


Message History

You constrict the adder skeleton. The adder skeleton misses you.
You tentacle-slap the adder skeleton.
You pierce the adder skeleton, but do no damage.
The adder skeleton is severely damaged.
Your tentacle spike disappears.
You constrict the adder skeleton. The orc priest misses you.
The adder skeleton barely misses you.
You bludgeon the adder skeleton!
You destroy the adder skeleton!
The orc priest hits you from afar with a +0 trident!
You bludgeon the centaur skeleton!
The centaur skeleton is moderately damaged.
The centaur skeleton closely misses you.
The orc priest closely misses you. The centaur skeleton hits you.
You tentacle-slap the centaur skeleton.
The centaur skeleton is moderately damaged.
The orc priest mumbles some strange prayers to Beogh against you.
Beogh smites you!
* * * LOW HITPOINT WARNING * * *
The centaur skeleton barely misses you.
You bludgeon the centaur skeleton!
The centaur skeleton is severely damaged.
The centaur skeleton hits you!
* * * LOW HITPOINT WARNING * * *
The orc priest hits you from afar with a +0 trident!
* * * LOW HITPOINT WARNING * * *
Unknown command.
You feel better. The centaur skeleton misses you.
The orc priest hits you from afar with a +0 trident.
* * * LOW HITPOINT WARNING * * *
Unknown command.
You feel better. The centaur skeleton barely misses you.
The orc priest closely misses you. The centaur skeleton misses you.
Unknown command.
The centaur skeleton hits you.
* * * LOW HITPOINT WARNING * * *
The centaur skeleton barely misses you.
The centaur skeleton closely misses you.
The centaur skeleton hits you!
You die...

#..###.## #.###...###..#
... #. #.........(..## ..
#/ ##............. ..
#.##...#.##..# .
#.##...#.##..# ..
###.##...#.##†.# #...###
##...##...#.##..#
..<<...###.....#..........
#...##...@Z.o.....##.....#
.........<........>......#
..........†.......##.....#
....................#..>.#
####..........######.#####
###..>....(.......#
#...############# #####


You could see an orc priest and a centaur skeleton.

Vanquished Creatures
  Eustachio (D:4)
  A sky beast (D:5)
  A bullfrog (D:4)
  2 scorpions (D:4)
  A hound (D:4)
  A bullfrog skeleton (D:5)
  4 worker ants
  A hound skeleton (D:4)
  4 adders
  3 gnolls (D:3)
  An ooze (D:1)
  An adder skeleton (D:5)
  A worm (D:2)
  3 dart slugs
  A leopard gecko (D:4)
  4 orcs
  8 bats
  A giant cockroach (D:1)
  8 goblins
  7 hobgoblins
  3 jackals (D:4)
  2 quokkas
  2 ball pythons
  6 frilled lizards
  6 kobolds
  10 rats
83 creatures vanquished.

Vanquished Creatures (collateral kills)
  A gnoll (D:3)
1 creature vanquished.

Grand Total: 84 creatures vanquished

Notes
Turn   | Place    | Note
-------+----------+-------------------------------------------
     0 | D:1      | tilp the Octopode Transmuter began the quest for the Orb.
     0 | D:1      | Reached XP level 1. HP: 13/13 MP: 3/3
   204 | D:1      | Reached skill level 1 in Stealth
   322 | D:1      | Reached XP level 2. HP: 18/18 MP: 3/5
   325 | D:1      | Learned a level 2 spell: Wereblood
   903 | D:1      | Reached XP level 3. HP: 14/23 MP: 6/6
  1940 | D:2      | Found a snail-covered altar of Cheibriados.
  1956 | D:2      | Found a stormy altar of Qazlal.
  2233 | D:2      | Noticed Sigmund
  2607 | D:3      | Reached XP level 4. HP: 28/28 MP: 7/7
  3564 | D:3      | Reached skill level 4 in Unarmed Combat
  3568 | D:3      | Reached XP level 5. HP: 24/34 MP: 8/8
  3772 | D:3      | Found a burning altar of Makhleb.
  4179 | D:4      | Noticed Eustachio
  4192 | D:4      | Killed Eustachio
  4193 | D:4      | Reached skill level 5 in Unarmed Combat
  4193 | D:4      | Reached XP level 6. HP: 16/42 MP: 9/9
  4670 | D:4      | Found Taumih's Assorted Antiques.
  4673 | D:4      | Noticed Duvessa
  4673 | D:4      | Noticed Dowan
  4673 | D:4      | Noticed Blork the orc
  4705 | D:4      | Reached skill level 6 in Unarmed Combat
  4705 | D:4      | Reached XP level 7. HP: 47/47 MP: 7/10
  4745 | D:4      | Learned a level 3 spell: Spider Form
  5321 | D:5      | Entered Level 5 of the Dungeon
  5328 | D:5      | Reached skill level 1 in Poison Magic
  5430 | D:5      | HP: 2/48 [orc priest/+0 trident (8)]
  5448 | D:5      | Slain by a centaur skeleton

Illustrated notes

Levels and vault maps discovered:
D:1:      minmay_arrival_solitary_statue, layout_basic
D:2:      layout_loops_cross, overflow_temple_1_default,
          chequers_ecumenical_altar_simple, lemuel_statue_altar, uniq_sigmund
D:3:      layout_basic, lemuel_round_altar
D:4:      layout_loops_cross, serial_shops, kennysheep_mini, uniq_duvessa,
          uniq_blork_the_orc, uniq_eustachio
D:5:      layout_loops_ring, uniq_crazy_yiuf_cottage

Skill      XL: |  1  2  3  4  5  6  7 |
---------------+----------------------+-----
Stealth        | 2 3 4 |  4.0
Fighting       | 2 3 4 |  4.0
Unarmed Combat | 4 5 6 |  6.0
Transmutations | 3 |  3.3
Poison Magic   | 1 |  1.9
Dodging        | |  2.0
Spellcasting   | |  2.6

Action                   |  1- 3 |  4- 6 |  7- 9 || total
-------------------------+-------+-------+-------++-------
Melee: Unarmed           |    92 |    82 |    35 ||   209
       Constrict         |    29 |    20 |     6 ||    55
       Tentacles         |    14 |    10 |     3 ||    27
       Punch             |     2 |     2 |     1 ||     5
       Kick              |     5 |    15 |     7 ||    27
Throw: Dart              |    11 |    21 |    12 ||    44
 Cast: Beastly Appendage |     6 |    12 |     9 ||    27
       Wereblood         |     3 |       |     2 ||     5
Evoke: Wand              |       |     1 |       ||     1
  Use: Scroll            |     5 |       |     1 ||     6
       Potion            |       |       |     2 ||     2
 Stab: Sleeping          |    10 |     8 |     3 ||    21
Armor: Skin              |     5 |     5 |       ||    10
Dodge: Dodged            |    61 |    58 |    31 ||   150

Table legend: (Time is in decaauts)
 A = Elapsed time spent in this place.
 B = Non-inter-level travel time spent in this place.
 C = Inter-level travel time spent in this place.
 D = Time resting spent in this place.
 E = Time spent auto-exploring this place.
 F = Levels seen in this place.
 G = Mean time per level.
                   A        B        C        D        E       F      G
               +--------+--------+--------+--------+--------+-----+--------+
         Total |   5434 |   5020 |    414 |    558 |   3752 |   5 | 1086.8 |
       Dungeon |   5434 |   5020 |    414 |    558 |   3752 |   5 | 1086.8 |
               +--------+--------+--------+--------+--------+-----+--------+

Top non-repeatable levels by time:
     D:1: 1758 daAuts
     D:3: 1468 daAuts
     D:4: 1273 daAuts
     D:2: 809 daAuts
     D:5: 124 daAuts
